Map: Bastion of the Conclave

Players

VOID - Winner!

  • Race: Zerg Zerg
  • Spawn Location: 6:00

Metasapien - Winner!

  • Race: Zerg Zerg
  • League: Platinum
  • Spawn Location: 6:00

STRENTWILL - Winner!

  • Race: Zerg Zerg
  • League: Platinum
  • Spawn Location: 6:00

Hodrod

  • Race: Zerg Zerg
  • League: Gold
  • Spawn Location: 12:00

Wickman

  • Race: Protoss Protoss
  • Spawn Location: 12:00

KereD

  • Race: Terran Terran
  • Spawn Location: 0:00

VOD

Have the link to the VOD?

Description

Time

  • Played on: Sept. 24, 2017, 12:02 p.m.
  • Length: 7:15
Show
View Real Time Build Order
Export as new Build Order

VOID Zerg - Winner!

Build Orders: Pool First 

Get SALT Encoding   

  12  0:07  Drone  
  12  0:13  Overlord  
  13  0:18  Drone  
  14  0:35  Drone  
  15  0:42  Spawning Pool  
  14  0:45  Drone  
  14  0:47  Drone  
  16  1:11  Drone  
  16  1:12  Drone  
  16  1:15  Extractor  
  17  1:19  Extractor  
  16  1:34  Zergling x6  
  19  1:48  Zergling x2  
  20  2:05  Zergling x2  
  21  2:14  Zergling x2  
  22  2:33  Hatchery  
  22  2:36  Zergling x2  
  22  2:46  Overlord x2  
  22  2:57  Metabolic Boost  
  22  3:04  Queen  
  24  3:18  Zergling x4  
  24  3:19  Zergling x2  
  27  3:34  Drone  
  28  3:45  Drone  
  29  3:52  Drone  
  29  3:55  Queen  
  32  3:59  Drone x2  
  33  4:32  Drone x6  
  33  4:33  Drone x2  
  33  4:36  Lair  
  41  4:41  Drone  
  41  4:45  Drone  
  43  4:57  Extractor  
  39  5:04  Zergling x6  
  36  5:23  Spine Crawler  
  36  5:25  Spine Crawler  
  29  5:45  Extractor  
  29  5:47  Hatchery  
  29  5:49  Extractor, Zergling x6  
  18  6:26  Drone x4  
  22  7:10  Spawning Pool  
Show
View Real Time Build Order
Export as new Build Order

Metasapien Zerg - Winner!

Build Orders: Hatch First 

Get SALT Encoding   

  12  0:30  Hatchery  
  12  0:35  Overlord  
  11  0:42  Drone  
  12  0:45  Drone  
  13  0:50  Drone  
  14  1:10  Spawning Pool  
  13  1:12  Extractor  
  13  1:14  Drone  
  13  1:18  Drone  
  13  1:23  Drone  
  15  1:32  Drone  
  16  1:45  Drone  
  16  1:46  Drone  
  18  1:57  Zergling x4  
  20  2:07  Queen  
  20  2:08  Queen  
  22  2:10  Drone  
  25  2:24  Drone  
  26  2:33  Drone  
  27  2:40  Drone  
  27  2:43  Drone, Hatchery  
  28  2:49  Extractor  
  27  3:01  Drone  
  27  3:04  Overlord  
  27  3:05  Overlord  
  28  3:08  Metabolic Boost  
  28  3:14  Overlord  
  28  3:18  Extractor  
  27  3:21  Overlord  
  27  3:24  Drone x2  
  29  3:27  Drone  
  30  3:38  Drone x2  
  30  3:39  Drone  
  33  3:48  Lair  
  33  3:50  Drone  
  33  3:54  Drone  
  35  3:56  Drone  
  36  4:12  Drone  
  36  4:13  Queen  
  36  4:16  Drone x3  
  42  4:17  Overlord  
  42  4:35  Drone x3  
  42  4:37  Extractor  
  42  4:38  Drone x2  
  46  4:45  Overlord x2  
  46  4:46  Overlord  
  46  4:49  Pneumatized Carapace  
  46  4:56  Drone  
  46  4:57  Drone x2, Extractor  
  46  4:58  Drone x3  
  51  5:03  Zergling x2  
  51  5:04  Zergling x4  
  51  5:06  Zergling x2  
  55  5:08  Zergling x2  
  55  5:09  Zergling x2  
  55  5:11  Zergling x2  
  55  5:13  Zergling x2  
  59  5:19  Spine Crawler  
  58  5:22  Spine Crawler  
  58  5:24  Drone  
  58  5:31  Spine Crawler  
  58  5:33  Drone x3  
  58  5:34  Drone  
  61  5:37  Overlord  
  61  5:46  Zergling x2  
  61  5:47  Zergling x10  
  67  5:56  Drone x2  
  67  5:57  Extractor  
  60  6:05  Hydralisk Den  
  60  6:07  Infestation Pit  
  58  6:14  Drone x4  
  58  6:16  Drone x3  
  65  6:21  Drone  
  66  6:29  Zergling x6  
  66  6:30  Zergling x4  
  71  6:42  Hydralisk  
  71  6:44  Hydralisk x4  
  71  6:45  Hydralisk x2  
Show
View Real Time Build Order
Export as new Build Order

STRENTWILL Zerg - Winner!

Build Orders: Pool First 

Get SALT Encoding   

  12  0:02  Drone  
  13  0:23  Spawning Pool  
  12  0:30  Drone  
  12  0:33  Drone  
  14  0:41  Overlord  
  14  0:47  Extractor  
  13  1:10  Zergling x6  
  16  1:11  Queen  
  18  1:44  Hatchery  
  17  2:00  Zergling x2  
  17  2:01  Zergling x4  
  19  2:44  Zergling x4  
  19  2:46  Overlord  
  21  3:14  Metabolic Boost  
  21  3:16  Drone  
  21  3:17  Drone x4  
  26  3:24  Queen  
  28  3:49  Drone x3  
  28  3:50  Drone x2  
  33  4:08  Lair  
  33  4:11  Extractor  
  32  4:40  Overlord  
  31  5:00  Spine Crawler  
  31  5:02  Spine Crawler  
  31  5:04  Spine Crawler x2  
  27  5:13  Spire  
  26  5:17  Spire  
  26  5:25  Spine Crawler  
  25  5:29  Spine Crawler  
  18  6:11  Extractor  
  17  6:31  Mutalisk  
  19  6:35  Mutalisk x4  
Show
View Real Time Build Order
Export as new Build Order

Hodrod Zerg 

Build Orders: Hatch First 

Get SALT Encoding   

  12  0:05  Drone  
  13  0:15  Drone  
  14  0:24  Overlord  
  14  0:54  Hatchery  
  13  1:03  Drone x3  
  16  1:15  Drone  
  16  1:18  Extractor  
  16  1:20  Extractor  
  15  1:34  Drone  
  16  1:41  Drone  
  17  1:50  Drone  
  18  2:00  Drone  
  19  2:24  Drone x4, Spawning Pool  
  22  2:54  Drone x5  
  22  2:55  Drone  
Show
View Real Time Build Order
Export as new Build Order

Wickman Protoss 

Build Orders:  

Get SALT Encoding   

  12  0:04  Probe (Chrono Boost)  
  13  0:19  Pylon  
  13  0:28  Probe (Chrono Boost)  
  14  0:38  Forge  
  14  0:48  Probe (Chrono Boost)  
  15  0:59  Probe (Chrono Boost)  
  16  1:09  Probe (Chrono Boost)  
  17  1:36  Pylon  
  17  1:38  Pylon  
  17  1:59  Photon Cannon  
  16  2:08  Gateway  
  16  2:14  Gateway  
  16  2:16  Gateway  
  16  2:28  Gateway  
  16  2:31  Pylon  
  16  2:33  Pylon  
  16  2:41  Pylon  
  16  2:47  Gateway  
  16  2:50  Gateway  
  16  3:04  Zealot  
  16  3:05  Zealot  
  20  3:06  Zealot  
  22  3:13  Nexus  
  22  3:17  Zealot  
  24  3:22  Gateway  
  24  3:27  Pylon  
  24  3:31  Zealot  
  24  3:33  Zealot  
  30  3:34  Zealot  
  30  3:35  Zealot  
  30  3:39  Zealot  
  23  3:48  Gateway  
  23  3:50  Zealot  
  21  4:01  Pylon  
  21  4:05  Zealot x3  
  29  4:10  Zealot x2  
  29  4:11  Zealot  
  33  4:17  Cybernetics Core  
  33  4:21  Assimilator  
  33  4:25  Pylon  
  33  4:29  Zealot  
  35  4:32  Probe (Chrono Boost), Zealot  
  38  4:43  Probe (Chrono Boost)  
  39  4:53  Probe (Chrono Boost)  
  40  5:04  Probe (Chrono Boost)  
  41  5:15  Probe (Chrono Boost)  
  40  5:25  Zealot  
Show
View Real Time Build Order
Export as new Build Order

KereD Terran 

Build Orders:  

Get SALT Encoding   

  12  0:01  SCV  
  13  0:13  SCV  
  14  0:26  Supply Depot  
  14  0:27  SCV  
  15  0:47  SCV  
  16  0:54  Barracks  
  16  0:59  Refinery, SCV  
  17  1:13  SCV  
  17  1:15  Barracks  
  18  1:26  SCV  
  20  1:40  SCV  
  20  1:41  Marine  
  21  1:53  Supply Depot  
  21  1:56  Bunker  
  21  1:59  Orbital Command  
  21  2:10  Marine x2  
  21  2:34  Marine  
  21  2:35  Marine  
  20  2:47  Supply Depot  
  20  2:52  SCV  
Tags
 
Add a new tag
Caveats
  • Supply blocks, unpowered buildings, or Contaminate may cause inaccurate times.
  • Supply counts are checked every 10 seconds.